AoeStats
← A Delicious Pot Roast

Golden Pit

514504312Analyzed
3v3 RM · 3d ago on Oct 18, 2026· 44m 44s· 6 players
Game mode
Random Map
Map size
Normal (6 player)
Population
200
Speed
Normal
Resources
Standard
Victory
Conquest
Starting age
Dark Age
Ending age
Imperial Age
RankedLock teamsTeams togetherTeam positionsShared explorationLock speedFull tech treeHidden civsTurbo modeCheats
Victory
Defeat
🇺🇸 Slavs · United States
669
+13
🇨🇴 Huns · Colombia
582
+17
🇺🇸 Danes · United States
538
+19
vs
🇷🇴 Franks · Romania
689
-20
🇹🇼 Lithuanians · Taiwan
639
-18
🇨🇳 Khmer · China
471
-11
A Delicious Pot Roast
13:16 Feudal Age
18:12 Castle Age
22:52 Squires
25:46 Scale Mail Armor
27:44 Wheelbarrow
27:37 Double-Bit Axe
29:30 Arson
30:25 Pikeman
31:39 Hand Cart
33:34 Chain Mail Armor
34:52 Forging
35:30 Gold Mining
37:58 Horse Collar
39:50 Heavy Plow
40:59 Gold Shaft Mining
44:02 Imperial Age
44:03 Hamask
44:09 Elite Jomsviking
45:44 Conscription
SIUUUUU8048
5:28 Loom
12:47 Feudal Age
16:36 Town Watch
22:49 Castle Age
23:27 Wheelbarrow
25:36 Town Patrol
25:52 Hand Cart
25:02 Light Cavalry
25:42 Husbandry
26:01 Bloodlines
26:02 Marauders
26:55 Horse Collar
27:06 Double-Bit Axe
36:07 Bow Saw
39:05 Heavy Plow
46:14 Imperial Age
43:49 Murder Holes
44:14 Ballistics
nathanst1996
0:51 Loom
13:37 Feudal Age
15:06 Wheelbarrow
14:21 Double-Bit Axe
15:51 Forging
17:05 Bloodlines
20:50 Man-at-Arms
27:17 Castle Age
27:33 Stone Mining
27:28 Horse Collar
28:06 Light Cavalry
28:54 Scale Barding Armor
29:25 Iron Casting
34:35 Bow Saw
34:30 Heavy Plow
34:26 Gold Mining
36:44 Chain Barding Armor
38:02 Gold Shaft Mining
37:31 Scale Mail Armor
38:33 Chain Mail Armor
42:23 Husbandry
45:32 Imperial Age
alexdoctorofsoul
12:59 Feudal Age
14:59 Double-Bit Axe
18:44 Gold Mining
18:45 Stone Mining
23:39 Wheelbarrow
25:05 Castle Age
27:45 Bow Saw
28:14 Gold Shaft Mining
30:35 Hand Cart
32:46 Fortified Wall
39:40 Imperial Age
40:25 Imperial Age
38:25 Caravan
40:30 Cavalier
43:33 Chemistry
43:30 Chivalry
五仁月饼
0:43 Loom
11:02 Feudal Age
13:06 Double-Bit Axe
18:13 Horse Collar
allenchien1968
8:59 Loom
11:20 Feudal Age
12:05 Double-Bit Axe
16:21 Forging
17:29 Bloodlines
19:58 Scale Barding Armor
20:43 Horse Collar
26:47 Castle Age
28:35 Bow Saw
28:39 Husbandry
28:05 Light Cavalry
31:58 Padded Archer Armor
40:26 Imperial Age
39:42 Iron Casting
39:55 Chain Barding Armor
39:50 Gold Mining
42:19 Plate Barding Armor
42:01 Cavalier
44:58 Scale Mail Armor
Connection lost

Rejoining the realm…

Still unreachable

The connection could not be restored.

Session expired

The server has moved on; the page needs a fresh start.